Map: Turbo Cruise '84 LE

Players

wingszzx - Winner!

  • Race: Protoss Protoss
  • League: Diamond
  • Spawn Location: 3:00

pHARM

  • Race: Zerg Zerg
  • League: Platinum
  • Spawn Location: 7:00

VOD

Have the link to the VOD?

Description

Time

  • Played on: Aug. 3, 2019, 4:19 a.m.
  • Length: 8:22
Show
View Real Time Build Order
Export as new Build Order

wingszzx Protoss - Winner!

Build Orders: Chargelot Immortal 

Get SALT Encoding   

  12  0:01  Probe  
  13  0:13  Probe  
  14  0:20  Pylon  
  14  0:26  Probe  
  15  0:36  Probe  
  15  0:41  Gateway  
  16  0:44  Probe  
  17  0:52  Assimilator  
  17  1:01  Pylon  
  17  1:03  Probe  
  18  1:11  Probe, Pylon  
  19  1:34  Cybernetics Core  
  19  1:49  Nexus  
  19  1:57  Assimilator  
  19  1:58  Probe  
  20  2:10  Probe  
  20  2:11  Pylon  
  21  2:16  Adept  
  21  2:19  Warp Gate  
  23  2:31  Probe  
  24  2:44  Robotics Facility  
  24  2:46  Probe, Adept  
  24  2:47  Gateway  
  27  3:05  Probe  
  28  3:07  Probe  
  29  3:13  Stalker  
  29  3:17  Probe  
  32  3:23  Twilight Council  
  32  3:25  Probe  
  32  3:28  Probe  
  32  3:33  Probe  
  34  3:40  Probe  
  36  3:43  Probe  
  37  3:52  Probe  
  38  3:56  Probe  
  39  4:04  Probe  
  39  4:09  Probe, Gateway  
  41  4:11  Immortal  
  41  4:12  Gateway  
  41  4:16  Probe  
  42  4:21  Charge  
  46  4:26  Pylon  
  46  4:45  Probe, Pylon  
  47  4:46  Assimilator  
  47  4:52  Assimilator  
  47  4:55  Immortal, Pylon  
  47  4:57  Pylon  
  47  4:58  Adept  
  47  4:59  Pylon  
  49  5:00  Sentry  
  55  5:09  Probe x2  
  57  5:30  Sentry x3  
  57  5:33  Warp Prism  
  57  5:35  Probe x2  
  67  5:45  Gateway x2  
  67  5:46  Probe  
  67  5:49  Pylon  
  68  5:50  Pylon  
  68  5:51  Probe, Pylon  
  68  5:54  Probe  
  69  5:59  Probe  
  69  6:01  Pylon  
  69  6:02  Pylon  
  69  6:03  Sentry x3  
  77  6:20  Immortal  
  77  6:24  Zealot  
  79  6:33  Zealot x2  
  79  6:34  Zealot  
  85  6:41  Sentry  
  85  6:42  Sentry  
  85  6:43  Pylon x2  
  85  7:03  Stalker  
  85  7:04  Stalker x3  
  91  7:10  Zealot  
  91  7:11  Zealot  
  95  7:22  Immortal  
  99  7:28  Zealot  
  99  7:29  Zealot  
  103  7:30  Zealot x2  
  103  7:31  Zealot  
  109  7:50  Zealot x2  
  113  7:51  Zealot  
  115  8:00  Zealot  
  115  8:01  Zealot x2  
  107  8:12  Zealot  
  107  8:13  Zealot x2  
Show
View Real Time Build Order
Export as new Build Order

pHARM Zerg 

Build Orders: Pool First 

Get SALT Encoding   

  12  0:00  Drone  
  13  0:14  Overlord  
  13  0:17  Drone  
  14  0:35  Drone  
  14  0:36  Drone  
  16  0:58  Spawning Pool  
  15  1:18  Hatchery  
  14  1:27  Drone  
  14  1:28  Drone x2, Extractor  
  16  1:46  Queen  
  18  1:48  Zergling x2  
  18  1:52  Drone  
  20  2:02  Drone  
  21  2:21  Drone  
  22  2:30  Drone  
  22  2:31  Queen  
  22  2:32  Queen  
  22  2:34  Drone  
  22  2:37  Overlord  
  28  3:07  Drone  
  28  3:08  Drone x6  
  35  3:15  Lair  
  35  3:18  Overlord  
  35  3:28  Evolution Chamber, Roach Warren  
  35  3:33  Drone x3  
  35  3:51  Drone  
  35  3:52  Drone x7  
  35  3:54  Zerg Missile Weapons Level 1  
  42  4:07  Overlord  
  42  4:08  Drone  
  42  4:21  Extractor  
  42  4:23  Extractor  
  39  4:26  Roach x4  
  45  4:54  Drone x6  
  45  4:57  Glial Reconstitution  
  51  5:09  Hatchery  
  50  5:33  Drone  
  50  5:34  Overlord x2  
  51  5:42  Evolution Chamber  
  50  5:49  Zerg Ground Armor Level 1  
  50  5:50  Evolution Chamber  
  50  5:53  Overlord x2  
  49  5:58  Drone  
  49  5:59  Drone x2  
  49  6:03  Roach x5  
  62  6:16  Roach x4  
  70  6:22  Roach  
  70  6:23  Roach  
  73  6:31  Roach  
  75  6:35  Drone  
  76  6:46  Drone x5  
  81  6:52  Hydralisk Den  
  78  6:54  Drone  
  78  6:55  Drone x5  
  70  7:15  Drone x7  
  77  7:33  Extractor  
  77  7:34  Extractor  
  75  7:37  Overlord  
  75  7:38  Overlord x2  
  75  7:41  Hydralisk x3  
  81  7:55  Infestation Pit  
Tags
 
Add a new tag
Caveats
  • Supply blocks, unpowered buildings, or Contaminate may cause inaccurate times.
  • Supply counts are checked every 10 seconds.